 Dungeon Crawl Stone Soup version 0.29-a0-1008-g949cc1d0fb (webtiles) character file.

Game seed: 467251122041434577

811 Manisian the Caller (level 7, -1/38 HPs)
             Began as a Tengu Summoner on Aug 7, 2022.
             Slain by Dowan
             ... wielding a +2 dagger of venom
              (4 damage)
             ... on level 5 of the Dungeon.
             The game lasted 00:13:41 (6091 turns).

Manisian the Caller (Tengu Summoner)                Turns: 6091, Time: 00:13:41

Health: -1/38      AC:  2    Str:  8    XL:     7   Next: 93%
Magic:  15/15      EV: 15    Int: 18    God:
Gold:   1136       SH:  0    Dex: 14    Spells: 3/16 levels left

rFire   . . .      SeeInvis .   t - +2 scythe (freeze)
rCold   . . .      Faith    .   (shield currently unavailable)
rNeg    . . .      Spirit   .   a - +0 robe
rPois   .          Reflect  .   (helmet restricted)
rElec   .          Harm     .   (no cloak)
rCorr   .          Rampage  .   (no gloves)
Will    .....                   (boots unavailable)
Stlth   +++.......              n - amulet of magic regeneration
HPRegen 0.12/turn               (no ring)
MPRegen 0.54/turn               (no ring)

@: mighty, lethally poisoned (-1 -> -11), flying quickly and evasively, quick
A: beak, talons 3, nimble flight
a: no special abilities


You were on level 5 of the Dungeon.
You visited 1 branch of the dungeon, and saw 5 of its levels.
You also visited: Sewer.

You collected 1136 gold pieces.

Inventory:

Hand Weapons
 r - a +0 trident
 t - a +2 scythe of freezing (weapon)
 u - a +0 hammer
Armour
 a - a +0 robe (worn)
Jewellery
 l - an amulet of regeneration
 n - an amulet of magic regeneration (around neck)
Wands
 j - a wand of acid (10)
Scrolls
 f - a scroll of immolation {unknown}
 o - a scroll of amnesia
 q - 4 scrolls of teleportation
Potions
 b - a potion of magic
 c - 6 potions of flight
 d - a potion of heal wounds
 e - 2 potions of might
 g - 3 potions of curing {unknown}
 h - a potion of degeneration {unknown}
 i - 3 potions of lignification
 k - 2 potions of haste {unknown}
 m - a potion of brilliance {unknown}


   Skills:
 + Level 1.4 Fighting
 + Level 3.2 Polearms
 + Level 2.5 Dodging
 + Level 4.1 Stealth
 + Level 5.1 Spellcasting
 + Level 0.9 Hexes
 + Level 6.8 Summonings
 + Level 0.1 Evocations


You had 3 spell levels left.
You knew the following spells:

 Your Spells              Type           Power      Damage    Failure   Level
a - Summon Small Mammal   Summ           100%       N/A       1%          1
b - Call Imp              Summ           29%        N/A       1%          2
c - Call Canine Familiar  Summ           29%        N/A       2%          3
d - Summon Guardian Gole  Hex/Summ       18%        N/A       8%          3
e - Summon Lightning Spi  Summ/Air       17%        N/A       32%         4

Your spell library contained the following spells:

 Spells                   Type           Power      Damage    Failure   Level


Dungeon Overview and Level Annotations

Branches:
Dungeon (5/15)              Sewer (visited)
 Temple: D:4-7

Altars:
Trog
Uskayaw
Xom
Yredelemnul

Shops:
D:2 (   D:3 [   D:4 (

Annotations:
D:5 Dowan


Innate Abilities, Weirdness & Mutations

You have a beak for a mouth.
You have claws for feet.
Your magical nature lets you fly swiftly and evasively.


Message History

Press: ? - help, Dir - move target, f/p - Duvessa
Aim: Duvessa, wielding a +2 vampiric rapier and wearing a +0 ring mail (heavily wounded, fast, ally target, about 38% to evade your +2 scythe of freezing)
You puncture Duvessa! You freeze Duvessa.
You kill Duvessa!
Dowan seems overcome with grief.
Dowan seems to find hidden reserves of power!
Your quokka barely misses Dowan.
The adder closely misses you.
Your guardian golem is engulfed in blazing flames.
Flame seeps out of your guardian golem.
Your quokka closely misses Dowan.
The adder bites you.
Your Polearms skill increases to level 3!
Your Stealth skill increases to level 4!
You closely miss the adder. You claw the adder! Your peck misses the adder.
The adder is almost dead.
Your crimson imp disappears in a puff of smoke!
The adder bites you.
You are poisoned.
The adder poisons you!
Your quokka bites Dowan.
Dowan is engulfed in a cloud of scalding steam.
Dowan breathes, "And she was my only..."
Dowan casts a spell at you. The shard of ice misses you.
You closely miss the adder. Your peck misses the adder.
The adder is severely wounded.
You feel sick. The adder bites you.
* * * LOW HITPOINT WARNING * * *
You are lethally poisoned!
The adder poisons you!
Dowan is engulfed in a cloud of scalding steam.
Your quokka bites Dowan.
The adder barely misses you.
Your quokka closely misses Dowan.
You closely miss the adder. Your kick misses the adder.
The adder is severely wounded.
* * * LOW HITPOINT WARNING * * *
You feel sick. The adder bites you.
* * * LOW HITPOINT WARNING * * *
You are more poisoned.
The adder poisons you!
Dowan hits you with a +2 dagger of venom.
You die...

.... #+# .... ....
.......####.(. . ....
........ .. ...##~~≈≈~#
... #.##~~≈~≈##.... ####
#####.~~.....~~.... ....
....+.~~9.S..~~....
##########...r.e@..~~.#
............~~.....~~.#
............~~.....~~....
............##≈≈≈≈≈##....
............##~~~~≈# ...
#######'###.~........ ..
#.# ######.#.... . #.#
#.[..... #.# ###.....


You could see Dowan (fast, ally target), an adder, a friendly guardian golem
(summoned, inner flame) and a friendly quokka (summoned, sheltered).

Vanquished Creatures
  Sigmund (D:3)
  Duvessa (D:5)
  A phantom (D:4)
  Crazy Yiuf (D:3)
  An iguana (D:4)
  A merfolk avatar (Sewer)
  A merfolk siren (Sewer)
  4 adders
  A river rat (Sewer)
  A white imp (D:5)
  A worm (D:5)
  A dart slug (D:2)
  3 orcs
  4 bats
  5 endoplasms
  4 giant cockroaches
  3 goblins
  2 hobgoblins
  2 jackals (D:3)
  2 quokkas
  5 ball pythons
  4 frilled lizards
  4 kobolds
  20 rats
73 creatures vanquished.

Vanquished Creatures (collateral kills)
  Ijyb (D:3)
  Terence (D:3)
  An iguana (D:4)
  An orc wizard (D:4)
  A gnoll (D:1)
  An adder (D:3)
  A dart slug (D:1)
  An orc (D:4)
  2 endoplasms
  2 goblins
  A hobgoblin (D:1)
  3 jackals (D:3)
  3 quokkas (D:1)
  3 ball pythons
  A bat (D:2)
  8 frilled lizards
  4 kobolds
  8 rats
43 creatures vanquished.

Vanquished Creatures (others)
  A black bear (D:4)
  15 plants (D:1)
16 creatures vanquished.

Grand Total: 132 creatures vanquished

Notes
Turn   | Place    | Note
-------+----------+-------------------------------------------
     0 | D:1      | Manisian the Tengu Summoner began the quest for the Orb.
     0 | D:1      | Reached XP level 1. HP: 10/10 MP: 4/4
   128 | D:1      | Reached skill level 5 in Summonings
   250 | D:1      | Reached XP level 2. HP: 15/15 MP: 3/6
   253 | D:1      | Learned a level 2 spell: Call Imp
   652 | D:1      | Reached XP level 3. HP: 19/19 MP: 7/7
   656 | D:1      | Learned a level 3 spell: Call Canine Familiar
  2193 | D:2      | Found a hide-covered altar of Uskayaw.
  2428 | D:2      | Found Qexkaah's Antique Weapon Boutique.
  2703 | D:3      | Reached XP level 4. HP: 24/24 MP: 6/9
  2780 | D:3      | Found Jaacvoo's Armour Shoppe.
  2934 | D:3      | Found a shimmering altar of Xom.
  2934 | D:3      | Found a faded altar of an unknown god.
  2943 | D:3      | Found a basalt altar of Yredelemnul.
  2945 | D:3      | Found a bloodstained altar of Trog.
  2947 | D:3      | Found a hide-covered altar of Uskayaw.
  3345 | D:3      | Noticed Terence
  3346 | D:3      | Noticed Ijyb
  3358 | D:3      | Killed Terence
  3359 | D:3      | Reached skill level 1 in Polearms
  3368 | D:3      | Killed Ijyb
  3369 | D:3      | Gained mutation: Your magical nature lets you fly swiftly
                  | and evasively. [Tengu growth]
  3369 | D:3      | Reached XP level 5. HP: 5/28 MP: 10/10
  3632 | D:3      | Learned a level 3 spell: Summon Guardian Golem
  3732 | D:3      | Noticed Sigmund
  3766 | D:3      | Killed Sigmund
  3767 | D:3      | Reached skill level 6 in Summonings
  3767 | D:3      | Reached XP level 6. HP: 7/33 MP: 7/12
  4009 | D:3      | Found a runed translucent door.
  4010 | D:3      | Noticed Crazy Yiuf
  4266 | D:3      | Killed Crazy Yiuf
  4275 | D:3      | Identified a scroll of acquirement
  4275 | D:3      | Acquired 840 gold pieces
  4308 | D:4      | Found Ytacose's Antique Weapon Shop.
  4640 | D:4      | Noticed a black bear
  4664 | D:4      | Killed a black bear
  4665 | D:4      | Reached XP level 7. HP: 37/37 MP: 13/15
  4729 | D:4      | Learned a level 4 spell: Summon Lightning Spire
  5035 | D:5      | Entered Level 5 of the Dungeon
  5070 | D:5      | Reached skill level 5 in Spellcasting
  5101 | D:5      | Found a glowing drain.
  5109 | D:5      | Noticed Duvessa
  5113 | Sewer    | Entered a sewer
  5157 | Sewer    | Reached skill level 1 in Fighting
  6078 | D:5      | Noticed Dowan
  6081 | D:5      | HP: 1/38 [Duvessa/+2 vampiric rapier (12)]
  6088 | D:5      | Killed Duvessa
  6091 | D:5      | Slain by Dowan

Illustrated notes

Levels and vault maps discovered:
D:1:      roderic_crop_circles_arrival_small, layout_basic,
          chequers_serial_rivers_large_a
D:2:      kennysheep_big_flooded_room, layout_loops_cross, basic_altar,
          serial_shops, nicolae_shop_advertising_works
          [nicolae_subvault_shop_adworks], minmay_pentomino_q2
D:3:      layout_loops_cross, chequers_temple_overflow_minitemple, serial_shops,
          nicolae_diamond_shop, amcnicky_mini_pool_small, grunt_ministairs_8,
          st_stairs_12, uniq_ijyb, uniq_crazy_yiuf_cottage, uniq_terence,
          uniq_sigmund
D:4:      layout_rooms, serial_shops, nicolae_diamond_shop
D:5:      layout_basic, cheibrodos_sewer_entry_sluice, minivault_5,
          bh_walls_and_bars, uniq_duvessa, uniq_edmund

Skill      XL: |  1  2  3  4  5  6  7 |
---------------+----------------------+-----
Summonings     | 5 6 |  6.8
Polearms       | 1 3 |  3.2
Spellcasting   | 3 4 5 |  5.1
Stealth        | 3 4 |  4.1
Fighting       | 1 |  1.4
Dodging        | |  2.5
Hexes          | |  0.9
Evocations     | |  0.1

Action                   |  1- 3 |  4- 6 |  7- 9 || total
-------------------------+-------+-------+-------++-------
Melee: Spear             |    52 |    13 |       ||    65
       Kick              |    11 |     5 |    11 ||    27
       Peck              |     2 |     2 |     5 ||     9
       Trident           |       |     9 |       ||     9
       Halberd           |       |    29 |   104 ||   133
 Cast: Summon Small Mamm |    21 |    10 |     1 ||    32
       Call Imp          |     9 |     8 |     3 ||    20
       Call Canine Famil |     5 |     8 |     4 ||    17
       Summon Guardian G |       |     4 |     3 ||     7
Evoke: Wand              |       |     1 |       ||     1
  Use: Scroll            |     4 |     5 |     2 ||    11
       Potion            |       |       |     2 ||     2
 Stab: Sleeping          |     9 |     1 |     7 ||    17
Armor: Robe              |    10 |     1 |    23 ||    34
Dodge: Dodged            |    25 |    25 |    62 ||   112

Table legend: (Time is in decaauts)
 A = Elapsed time spent in this place.
 B = Non-inter-level travel time spent in this place.
 C = Inter-level travel time spent in this place.
 D = Time resting spent in this place.
 E = Time spent auto-exploring this place.
 F = Levels seen in this place.
 G = Mean time per level.
                   A        B        C        D        E       F      G
               +--------+--------+--------+--------+--------+-----+--------+
         Total |   6040 |   5904 |    136 |    293 |   4571 |   6 | 1006.7 |
       Dungeon |   5090 |   4954 |    136 |    293 |   3825 |   5 | 1018.0 |
         Sewer |    950 |    950 |      0 |      0 |    746 |   1 |  950.0 |
               +--------+--------+--------+--------+--------+-----+--------+

Top non-repeatable levels by time:
     D:3: 1576 daAuts
     D:1: 1559 daAuts
     D:2: 1149 daAuts
   Sewer: 950 daAuts
     D:4: 728 daAuts
     D:5: 76 daAuts
